 Dungeon Crawl Stone Soup version 0.18-a0-1292-ge8ad84c (webtiles) character file.

73 Lasopy the Skirmisher (level 4, -8/31 HPs)
             Began as a Kobold Berserker on Feb 9, 2016.
             Was a Believer of Trog.
             Killed by nerve-wracking pain
             ... invoked by Jessica
              (10 damage)
             ... on level 2 of the Dungeon.
             The game lasted 00:06:39 (1908 turns).

Lasopy the Skirmisher (Kobold Berserker)            Turns: 1908, Time: 00:06:41

Health: -8/31      AC:  2    Str: 14 (15) XL:     4   Next: 51%
Magic:  4/4        EV: 15    Int:  4 (5)  God:    Trog [**....]
Gold:   108        SH:  0    Dex: 13 (16) Spells: 0 memorised, 3 levels left

rFire  . . .     SeeInvis .     a - +0 short sword
rCold  + . .     Gourm    .     d - +0 robe
rNeg   . . .     Faith    .     (shield restricted)
rPois  .         Spirit   .     (no helmet)
rElec  .         Dismiss  .     (no cloak)
rCorr  .         Reflect  .     (no gloves)
SustAt .         Harm     .     (no boots)
MR     .....                    (no amulet)
Stlth  +.........               (no ring)
                                h - ring of protection from cold

@: exhausted, slowed, very slow, not resistant to hostile enchantments, very
unstealthy
A: carnivore 3
a: Berserk, Trog's Hand, Burn Spellbooks, Renounce Religion


You were on level 2 of the Dungeon.
You worshipped Trog.
Trog was pleased with you.
You were not hungry.

You visited 1 branch of the dungeon, and saw 2 of its levels.

You collected 108 gold pieces.

Inventory:

Hand Weapons
 a - a +0 short sword (weapon)
Armour
 b - a +0 animal skin
 d - a +0 robe (worn)
Jewellery
 h - a ring of protection from cold (left hand)
Scrolls
 e - a scroll of random uselessness
 g - 2 scrolls of enchant weapon {unknown}
 j - a scroll of remove curse {unknown}
 l - 2 scrolls of teleportation {unknown}
Potions
 m - a potion of agility {unknown}
 n - a potion of mutation {unknown}
Comestibles
 c - a meat ration
 f - 3 slices of pizza
 k - a beef jerky


   Skills:
 * Level 5.4 Fighting
 - Level 4.0 Short Blades
 - Level 1.5 Armour
 - Level 2.4 Dodging


You had 3 spell levels left.
You didn't know any spells.

Dungeon Overview and Level Annotations

Branches:
Dungeon (2/15)

Altars:

Annotations:
D:2 Jessica


Innate Abilities, Weirdness & Mutations

You are small and have problems with some larger weapons.
You are carnivorous and can eat meat at any time.


Message History

You feel yourself slow down.
You see here a whip.
Jessica closely misses you. x2
You see here a club.
You hit Jessica but do no damage.
Jessica points at you and mumbles some strange words.
Pain shoots through your body!
* * * LOW HITPOINT WARNING * * *
You hit Jessica.
Jessica is lightly wounded.
Jessica barely misses you.
Jessica mumbles some strange words.
Jessica seems to speed up.
It was a potion of degeneration.
There was something very wrong with that liquid.
You feel weakened.
You feel dopey.
You feel clumsy. Jessica closely misses you.
Jessica gestures at you while chanting. Pain shoots through your body!
You die...

######...#..#.##.........
.......).'..#g##.........
.........#..#)##.........
.......# #.#.##...$....
.......# #..g# .......
..####.####...##.......
..# #....(...'...... ..#
######...######### ..#
####..>'@@)....# ###
#...(..#######.# #......#
... #......# .....
###########...# .....#
#.......).....# .....#
#.............# .....#
#............รท# [....#
#............##


You could see Jessica.

Vanquished Creatures
  4 adders (D:2)
  A worm (D:1)
  4 giant cockroaches
  5 hobgoblins
  7 bats
  A giant newt (D:2)
  6 goblins
  7 kobolds
  A rat (D:1)
36 creatures vanquished.

Notes
Turn   | Place    | Note
--------------------------------------------------------------
     0 | D:1      | Lasopy the Kobold Berserker began the quest for the Orb.
     0 | D:1      | Reached XP level 1. HP: 14/14 MP: 1/1
   206 | D:1      | Reached XP level 2. HP: 5/20 MP: 2/2
   859 | D:1      | Reached XP level 3. HP: 10/24 MP: 3/3
  1332 | D:2      | Reached skill level 5 in Fighting
  1332 | D:2      | Reached XP level 4. HP: 24/31 MP: 4/4
  1382 | D:2      | Reached ** piety under Trog
  1454 | D:2      | Noticed Jessica
  1908 | D:2      | Killed from afar by Jessica

Vault maps used:
D:1:      minmay_arrival_jagged, minmay_misc_feat_tower, minmay_misc_feat_cross,
          wad_floor_pattern_untrapped, st_stairs_5
D:2:      grunt_temple_overflow_octagram, uniq_robin, uniq_jessica, uniq_natasha

Action                   |  1- 3 |  4- 6 || total
-------------------------+-------+-------++-------
Melee: Short sword       |    87 |    48 ||   135
Invok: Berserk           |     2 |     2 ||     4
  Use: Scroll            |     2 |       ||     2
       Potion            |       |     1 ||     1
 Stab: Sleeping          |     1 |       ||     1
  Eat: Chunk             |     5 |     6 ||    11
